 Dungeon Crawl Stone Soup version 0.16.2-12-gd0ad4c3 (webtiles) character file.

2247 Kloppie the Quickloader (level 9, -3/85 HPs)
             Began as a Minotaur Hunter on Oct 31, 2015.
             Slain by an orc warrior
             ... wielding a +0 war axe
              (4 damage)
             ... on level 7 of the Dungeon.
             The game lasted 00:20:06 (6600 turns).

Kloppie the Quickloader (Minotaur Hunter)           Turns: 6600, Time: 00:20:06

Health: -3/85      AC: 11    Str: 20    XL:     9   Next: 15%
Magic:  13/13      EV: 13    Int:  8    God:
Gold:   416        SH:  0    Dex: 11    Spells: 0 memorised, 8 levels left

rFire  + . .     SeeInvis .     a - +3 mace (protect)
rCold  . . .     Clarity  .     E - +2 robe of Beogh's Condemnation {rPois rF+}
rNeg   . . .     SustAb   .     (no shield)
rPois  +         Gourm    .     (helmet restricted)
rElec  .         Spirit   .     B - +1 cloak "Serghair" {MR+ MP+9}
rCorr  +         Warding  .     (no gloves)
rMut   .         Stasis   .     (no boots)
MR     +....                    w - amulet of resist corrosion
Stlth  +.........               n - ring of invisibility
                                e - ring of poison resistance

@: very slightly contaminated, somewhat resistant to hostile enchantments, very
unstealthy
A: retaliatory headbutt, horns 2
a: Evoke Invisibility


You were on level 7 of the Dungeon.
You were hungry.

You visited 2 branches of the dungeon, and saw 8 of its levels.

You collected 416 gold pieces.

Inventory:

Hand weapons
 a - a +3 mace of protection (weapon)
 b - a +1 hand crossbow
 d - a +1 trident of protection
 p - a +0 falchion of holy wrath
Missiles
 c - 31 bolts
Armour
 B - the +1 cloak "Serghair" (worn) {MR+ MP+9}
   (You found it on level 4 of the Dungeon)

   It affects your resistance to hostile enchantments.
   It affects your magic capacity (+9).
 C - a +0 plate armour
 E - the +2 robe of Beogh's Condemnation (worn) {rPois rF+}
   (You found it on level 4 of the Dungeon)

   It protects you from fire.
   It protects you from poison.
Jewellery
 e - a ring of poison resistance (left hand)
 n - a ring of invisibility (right hand)
 o - an uncursed ring of teleportation
 w - an amulet of resist corrosion (around neck)
 G - an uncursed amulet of regeneration
 L - an uncursed ring of fire {unknown}
Magical devices
 j - a wand of confusion (25)
 y - a wand of polymorph (5)
 F - a wand of enslavement (5)
Scrolls
 i - 4 scrolls of teleportation
 l - 3 scrolls of noise
 q - a scroll of fog
 t - a scroll of enchant armour
 v - 2 scrolls of magic mapping
 I - 2 scrolls of identify
 M - 2 scrolls of recharging {unknown}
Potions
 m - 3 potions of agility
 r - a potion of degeneration
 s - a potion of mutation
 x - a potion of poison {unknown}
 A - a potion of heal wounds {unknown}
 D - 2 potions of might {unknown}
 H - a potion of resistance {unknown}
 K - 2 potions of lignification {unknown}
Books
 J - a book of Spatial Translocations

   Spells                             Type                      Level
   a - Apportation                    Translocation                1
   b - Blink                          Translocation                2
   c - Shroud of Golubria             Charms/Translocation         2
   d - Portal Projectile              Translocation                3
   e - Teleport Other                 Translocation                3
   f - Passage of Golubria            Translocation                4
Comestibles
 f - 7 bread rations
 g - 5 meat rations
 h - 6 fruits
 k - 3 slices of pizza


   Skills:
 - Level 10.0 Fighting
 - Level 10.1 Crossbows
 + Level 2.0 Armour
 + Level 3.6 Dodging
 - Level 0.7 Stealth


You had 8 spell levels left.
You didn't know any spells.

Dungeon Overview and Level Annotations

Branches:
Dungeon (7/15)             Temple (1/1) D:4

Altars:
Ashenzari
Cheibriados
Dithmenos
Elyvilon
Gozag
Kikubaaqudgha
Nemelex Xobeh
Qazlal
Ru
Sif Muna
Vehumet
Xom
Zin
The Shining One
Jiyva


Innate Abilities, Weirdness & Mutations

You reflexively headbutt those who attack you in melee.
You have a pair of horns on your head.


Message History

* * * LOW HITPOINT WARNING * * *
The centaur hits you.
* * * LOW HITPOINT WARNING * * *
Drink which item? (? for menu, Esc to quit)
It was a potion of curing.
You feel better. The centaur hits you!
* * * LOW HITPOINT WARNING * * *
Read which item? (? for menu, Esc to quit)
Blink to where?
Press: ? - help, Dir - move target cursor You are very lightly contaminated with residual magic.
As you read the scroll of blinking, it crumbles to dust.
The centaur wields an uncursed shortbow.
The centaur shoots an arrow of flame.
The arrow of flame hits you!
* * * LOW HITPOINT WARNING * * *
The arrow of flame burns you.
* * * LOW HITPOINT WARNING * * *
The centaur shoots an arrow of flame.
The arrow of flame barely misses you.
There is a stone staircase leading up, spattered with blood here.
The orc warrior hits you with a war axe.
You die...

#.# #.##.###.# #'##
#.##.###.# ...##
#.##...#.#
....#####.####.#.#
.....#...........# .
....>(.###...#.######.....
......................#
.....ho###.......####.....
....h#{#.o.....o@# .
....##†#.##.c....#
...###§#.##.#...## #'##
#......##### #.######.####
......##.# #.###.##.#
.....>##.# ......##.#


You could see an orc warrior, a centaur and an orc.

Vanquished Creatures
  Grinder (D:5)
  Eustachio (D:5)
  2 black bears (D:6)
  2 ice beasts (D:5)
  An orc warrior (D:6)
  A phantom (D:7)
  A sky beast (D:7)
  Duvessa (D:4)
  A gnoll sergeant (D:6)
  Blork the orc (D:5)
  A giant frog (D:6)
  A scorpion (D:7)
  6 hounds
  Dowan (D:4)
  A centaur zombie (D:5)
  A goliath beetle (D:3)
  A crimson imp (D:7)
  3 orc priests
  A giant frog zombie (D:6)
  A jelly (D:4)
  A quasit (D:5)
  Crazy Yiuf (D:5)
  2 worker ants (D:4)
  4 orc wizards
  Natasha (twice) (D:6)
  Ijyb (D:3)
  Jessica (D:3)
  6 gnolls
  5 adders
  A giant mite (D:6)
  2 shadow imps
  3 worms
  3 giant geckos
  3 oozes
  25 orcs
  A bat zombie (D:6)
  5 giant cockroaches
  5 goblins
  15 hobgoblins
  2 jackals (D:3)
  2 ball pythons
  14 bats
  A giant cockroach zombie (D:5)
  A giant gecko skeleton (D:5)
  4 giant newts
  12 kobolds
  2 quokkas
  10 rats
  A fungus (D:2)
164 creatures vanquished.

Notes
Turn   | Place    | Note
--------------------------------------------------------------
     0 | D:1      | Kloppie, the Minotaur Hunter, began the quest for the Orb.
     0 | D:1      | Reached XP level 1. HP: 18/18 MP: 1/1
    82 | D:1      | Found a shattered altar of Ashenzari.
   135 | D:1      | Reached XP level 2. HP: 19/25 MP: 1/1
   817 | D:2      | Reached XP level 3. HP: 26/33 MP: 2/2
  1291 | D:2      | Found an ancient bone altar of Kikubaaqudgha.
  1312 | D:2      | Found a glowing golden altar of the Shining One.
  1356 | D:2      | Reached skill level 5 in Crossbows
  1478 | D:3      | Noticed Ijyb
  1487 | D:3      | Killed Ijyb
  1487 | D:3      | Reached XP level 4. HP: 38/40 MP: 2/2
  1941 | D:3      | Reached skill level 5 in Fighting
  1941 | D:3      | Reached XP level 5. HP: 46/48 MP: 2/2
  1994 | D:3      | Noticed Jessica
  1997 | D:3      | Killed Jessica
  1997 | D:3      | Reached skill level 6 in Crossbows
  2174 | D:4      | Reached XP level 6. HP: 30/57 MP: 3/3
  2292 | D:4      | Got an ichor-stained cloak
  2313 | D:4      | Found a viscous altar of Jiyva.
  2323 | D:4      | Noticed Duvessa
  2329 | D:4      | Noticed Dowan
  2587 | D:4      | Killed Duvessa
  2738 | D:4      | Killed Dowan
  2738 | D:4      | Reached skill level 7 in Crossbows
  2886 | D:4      | Found a staircase to the Ecumenical Temple.
  2892 | Temple   | Entered the Ecumenical Temple
  3543 | D:4      | Got a distressingly furry robe
  3565 | D:5      | Entered Level 5 of the Dungeon
  3566 | D:5      | Noticed Eustachio
  3576 | D:4      | Reached XP level 7. HP: 60/64 MP: 3/3
  3635 | D:5      | Killed Eustachio
  3796 | D:5      | Noticed Blork the orc
  3802 | D:5      | Killed Blork the orc
  3856 | D:5      | Noticed Crazy Yiuf
  3869 | D:5      | Killed Crazy Yiuf
  3926 | D:5      | Noticed Grinder
  3939 | D:5      | Killed Grinder
  3939 | D:5      | Reached skill level 8 in Fighting
  3977 | D:5      | Reached XP level 8. HP: 15/74 MP: 3/3
  4977 | D:5      | Reached skill level 9 in Crossbows
  5134 | D:5      | Identified the +1 cloak "Serghair" {MR+ MP+9} (You found it on level 4 of the Dungeon)
  5140 | D:5      | Identified the +2 robe of Beogh's Condemnation {rPois rF+} (You found it on level 4 of the Dungeon)
  5554 | D:6      | Found a stormy altar of Qazlal.
  5795 | D:6      | Reached skill level 10 in Fighting
  5854 | D:6      | Noticed Natasha
  5864 | D:6      | Killed Natasha
  6120 | D:6      | Noticed Natasha
  6125 | D:6      | Killed Natasha
  6187 | D:6      | Reached skill level 10 in Crossbows
  6210 | D:6      | Reached XP level 9. HP: 32/85 MP: 4/4
  6472 | D:7      | Reached skill level 1 in Armour
  6598 | D:7      | HP: 3/85 [centaur/arrow of flame (10)]
  6598 | D:7      | HP: 1/85 [centaur/arrow of flame (2)]
  6600 | D:7      | Slain by an orc warrior

Action                   |  1- 3 |  4- 6 |  7- 9 || total
-------------------------+-------+-------+-------++-------
Melee: Short sword       |    94 |     6 |       ||   100
       Mace              |       |   129 |   233 ||   362
 Fire: Hand crossbow     |     8 |    16 |    34 ||    58
  Use: Scroll            |       |    12 |     5 ||    17
       Potion            |       |       |     1 ||     1
  Eat: Chunk             |     2 |     5 |    10 ||    17
       Pizza             |       |     1 |       ||     1
